 Dungeon Crawl Stone Soup version 0.31-a0-844-gdc52ec4e09 (webtiles) character file.

Game seed: 5744869210694309921

118517 Dirtsage the Severer (level 16, -17/193 HPs)
             Began as a Demonspawn Berserker on Sept 29, 2023.
             Was a High Priest of Trog.
             Demolished by an emperor scorpion (29 damage)
             ... on level 1 of the Spider Nest on Sept 30, 2023.
             The game lasted 01:03:12 (22384 turns).

Dirtsage the Severer (Demonspawn Berserker)        Turns: 22384, Time: 01:03:13

Health: -17/193    AC: 21    Str: 25    XL:     16   Next: 25%
Magic:  5/5        EV: 15    Int: 10    God:    Trog [*****.]
Gold:   2190       SH:  8    Dex: 12    Spells: 15/15 levels left

rFire   + . .        Z - +4 battleaxe (antimagic)
rCold   . . .        (shield currently unavailable)
rNeg    . . .        C - +0 swamp dragon scales
rPois   +            i - +2 helmet {SInv}
rElec   .            J - +2 cloak
rCorr   .            (gloves unavailable)
SInv    +            G - +3 pair of seven-league boots {Rampage+∞}
Will    +....        (no amulet) Stlth
                     F - ring of protection from fire
HPRegen 0.52/turn    S - ring of see invisible
MPRegen 0.09/turn

%: rampage+∞
@: berserking, very quick
A: large bone plates 3, foul stench 1, powered by death 2, demonic touch 3
a: Renounce Religion, Berserk, Trog's Hand, Brothers in Arms


You were on level 1 of the Spider Nest.
You worshipped Trog.
Trog was extremely pleased with you.
You visited 5 branches of the dungeon, and saw 21 of its levels.
You also visited: Sewer, Bailey, Ice Cave and Volcano.

You collected 2509 gold pieces.
You spent 319 gold pieces at shops.

Inventory:

Hand Weapons
 L - a +0 broad axe of freezing
 X - a +6 battleaxe of flaming
 Z - a +4 antimagic battleaxe (weapon)
Missiles
 A - a curare-tipped dart
Armour
 i - a +2 helmet of see invisible (worn)
 u - a +0 kite shield
 v - a +1 scale mail of fire resistance
 C - +0 swamp dragon scales (worn)
 G - the +3 pair of seven-league boots (worn) {Rampage+∞}
   (You found it in a bailey)

   Rampage+∞: When moving toward enemies, its wearer moves as far as possible,
   alerting their target en route.
 J - a +2 cloak (worn)
 Q - a +4 plate armour of willpower
Jewellery
 F - a ring of protection from fire (left hand)
 I - a ring of ice
 S - a ring of see invisible (right hand)
 W - a ring of wizardry
Wands
 n - a wand of mindburst (8)
 w - a wand of iceblast (13)
 z - a wand of flame (73)
 D - a wand of digging (2)
 M - a wand of paralysis (7)
Scrolls
 c - a scroll of vulnerability
 e - 2 scrolls of noise
 g - 3 scrolls of fear
 j - 2 scrolls of poison
 o - a scroll of butterflies
 p - 2 scrolls of silence
 t - 11 scrolls of teleportation
 y - 3 scrolls of enchant weapon
 B - 3 scrolls of blinking
 E - 2 scrolls of immolation
 H - 2 scrolls of acquirement
 K - 3 scrolls of fog
 T - 2 scrolls of amnesia
 U - a scroll of torment
 Y - 3 scrolls of revelation
Potions
 a - a potion of attraction {unknown}
 b - 3 potions of lignification
 d - 7 potions of might
 f - 7 potions of brilliance
 h - 5 potions of haste
 l - 4 potions of heal wounds
 m - 4 potions of mutation
 q - 13 potions of curing
 r - a potion of berserk rage {unknown}
 s - 2 potions of magic
 x - 4 potions of degeneration {unknown}
 N - 2 potions of invisibility {unknown}
 O - 10 potions of ambrosia
 P - 2 potions of cancellation
 V - a potion of enlightenment {unknown}
Miscellaneous
 R - a phial of floods


   Skills:
 + Level 12.6 Fighting
 - Level 18.0 Axes
 - Level 10.7 Armour
 - Level 10.7 Dodging
 * Level 6.8 Shields
 + Level 7.9 Evocations


You had 15 spell levels left.
You didn't know any spells.
Your spell library contained the following spells:

 Spells                   Type           Power      Damage    Failure   Level
 Foxfire                  Conj/Fire      0%         2x1d4     47%         1
 Summon Small Mammal      Summ           0%         N/A       47%         1
 Call Canine Familiar     Summ           0%         N/A       85%         3
 Hailstorm                Conj/Ice       0%         3d3       85%         3
 Inner Flame              Hex/Fire       0%         N/A       85%         3
 Summon Guardian Golem    Hex/Summ       0%         N/A       85%         3
 Flame Wave               Conj/Fire      0%         2d4       99%         4
 Passage of Golubria      Tloc           0%         N/A       99%         4
 Sticky Flame             Conj/Fire      0%         2d3       99%         4
 Summon Ice Beast         Ice/Summ       0%         N/A       99%         4
 Silence                  Hex/Air        0%         N/A       100%        5
 Summon Forest            Summ/Tloc      0%         N/A       100%        5
 Summon Mana Viper        Hex/Summ       0%         N/A       100%        5
 Plasma Beam              Fire/Air       0%         2x1d10    100%        6
 Simulacrum               Ice/Necr       0%         N/A       100%        6
 Starburst                Conj/Fire      0%         6d3       100%        6
 Summon Cactus Giant      Summ           0%         N/A       100%        6
 Lehudib's Crystal Spear  Conj/Erth      0%         10d2      100%        8


Dungeon Overview and Level Annotations

Branches:
Dungeon (12/15)            Temple (1/1) D:5            Lair (5/5) D:9
 Shoals (0/4) Lair:2       Spider (1/4) Lair:2        Slime (0/5) Lair:5
    Orc (2/2) D:12            Elf (0/3) Orc:2         Sewer (visited)
 Bailey (visited)           IceCv (visited)         Volcano (visited)

Altars:
Ashenzari
Cheibriados
Dithmenos
Fedhas
Gozag
Hepliaklqana
Kikubaaqudgha
Makhleb
Nemelex Xobeh
Okawaru
Qazlal
Ru
Sif Muna
Trog
Uskayaw
Vehumet
Wu Jian
Xom
Yredelemnul
Jiyva

Shops:
D:6 *   D:9 !?   Orc:2 =[((


Innate Abilities, Weirdness & Mutations

You are completely covered in large bone plates. (SH +8)
You may rarely emit foul miasma when damaged in melee.
You regenerate health from kills.
Your touch may irresistibly damage your foes and sap their willpower.


Message History

You slash the emperor scorpion!
The emperor scorpion is heavily wounded.
You block the emperor scorpion's attack.
The emperor scorpion claws you.
The emperor scorpion claws you but does no damage.
You take 4 damage, and have 81/193 hp.
You slice the emperor scorpion!!
The emperor scorpion is severely wounded.
You block the emperor scorpion's attack.
The emperor scorpion claws you.
You block the emperor scorpion's attack.
You take 3 damage, and have 78/193 hp.
You completely miss the emperor scorpion.
The emperor scorpion is severely wounded.
The emperor scorpion stings you!!
* * * LOW HITPOINT WARNING * * *
The emperor scorpion claws you but does no damage.
The emperor scorpion claws you!
* * * LOW HITPOINT WARNING * * *
You take 35 damage, and have 43/193 hp.
You slash the emperor scorpion!
The emperor scorpion is almost dead.
The emperor scorpion stings you!
* * * LOW HITPOINT WARNING * * *
The emperor scorpion claws you but does no damage.
You block the emperor scorpion's attack.
You take 14 damage, and have 29/193 hp.
You slice the emperor scorpion!!
The emperor scorpion is almost dead.
The emperor scorpion stings you!!
* * * LOW HITPOINT WARNING * * *
The emperor scorpion misses you.
The emperor scorpion claws you but does no damage.
You take 18 damage, and have 11/193 hp.
You barely miss the emperor scorpion.
The emperor scorpion is almost dead.
You slash the emperor scorpion!
The emperor scorpion is almost dead.
The emperor scorpion stings you!!
You die...

.#)..##...#.#.....(#...^..###....
....#######....#.....##.###...#.#
...###..#.#.....#.#..###.#...####
##...#..#.....########...##...#
.#...#......#..#.#$##.^..##..##
.#.#...#..######....####..†..#
####...##...##.#..###.###..#^.# #
#..#..#..##..#†......##.##...# #
#######.......@####...###..#^#
##########...##..s.....# #.###
....##.###....###$.$.#^# ###
.#...'...###.... .#..#
....##..####.#..###..#
...####....###.## ## ...##
#...###### ....###.#....#
.#^..#####†.###


You could see an emperor scorpion (berserk).

Vanquished Creatures
  Rupert (Lair:3)
  Kirke (Lair:3)
  A ghost moth (Spider:1)
  3 emperor scorpions (Spider:1)
  A reaper (IceCv)
  A spark wasp (Spider:1)
  An entropy weaver (Spider:1)
  A fire dragon (Lair:5)
  Josephine (Orc:1)
  7 hydras
  Erica (D:9)
  A centaur warrior (D:12)
  6 boulder beetles
  A radroach (Spider:1)
  4 ogre magi (Orc:2)
  14 two-headed ogres
  2 orc high priests (Bailey)
  12 death yaks (Lair:5)
  7 demonic crawlers (Spider:1)
  Amaemon (Lair:3)
  A skyshark (Lair:2)
  A fire crab (Lair:2)
  A skeletal warrior (D:11)
  3 pharaoh ants (Spider:1)
  An orb spider (Spider:1)
  A deep elf archer (Volcano)
  3 orc knights
  2 steelbarb worms (Spider:1)
  2 lindwurms
  8 deep elf pyromancers (Volcano)
  2 orc sorcerers (Orc:2)
  3 cyclopes
  3 wolf spiders
  An oklob plant (Lair:4)
  2 manticores (D:12)
  10 elephants (Lair:2)
  3 moths of wrath (Spider:1)
  Joseph (D:9)
  Maurice (D:8)
  7 black mambas
  2 ice statues (IceCv)
  The ghost of Maratek the Shield-Bearer, a novice GnFi of Lugonu (D:5)
  3 molten gargoyles (Lair:5)
  A gargoyle (D:12)
  13 cane toads
  Maggie (D:6)
  6 rime drakes
  An unseen horror (D:10)
  Psyche (D:8)
  An orange demon (Lair:3)
  13 komodo dragons
  Jeremiah (D:6)
  8 ice devils (IceCv)
  A freezing wraith (IceCv)
  A queen bee (D:12)
  4 anaconda simulacra (IceCv)
  3 meliai (D:12)
  5 tarantellas (Spider:1)
  6 trolls
  2 polar bears
  12 blink frogs
  7 dream sheep
  10 jumping spiders (Spider:1)
  4 culicivoras (Spider:1)
  4 slime creatures (D:12)
  Sigmund (D:5)
  2 vampires (D:11)
  2 dire elephant simulacra (IceCv)
  6 wraiths
  8 wyverns
  39 yaks
  5 basilisks
  4 steam dragons
  22 redbacks (Spider:1)
  4 fire elementals (Volcano)
  4 hogs (Lair:3)
  4 acid dragons
  4 wargs
  2 harpy simulacra (IceCv)
  9 hell hounds
  18 water moccasins
  2 hydra simulacra (IceCv)
  A sky beast (D:7)
  5 ice beasts
  19 orc warriors
  2 black bears
  27 ogres
  6 wolves
  5 centaurs
  2 phantoms
  6 kobold brigands
  15 bullfrogs
  A gnoll sergeant (D:6)
  2 wyvern zombies (D:7)
  4 scorpions
  8 wights (D:7)
  32 killer bees
  2 howler monkeys
  8 electric eels
  3 hounds
  A human zombie (D:7)
  4 lava snakes (Lair:5)
  2 jellies
  A centaur zombie (D:7)
  7 orc priests
  A sleepcap (D:8)
  5 iguanas
  23 orc wizards
  A hell rat (Lair:2)
  A troll simulacrum (IceCv)
  2 mummies (D:7)
  A howler monkey zombie (D:7)
  2 river rats (Sewer)
  16 adders
  22 gnolls
  2 shadow imps
  15 white imps
  4 ufetubi
  A dart slug (D:1)
  4 worms
  41 orcs
  4 endoplasms
  5 giant cockroaches
  18 goblins
  11 hobgoblins
  A jackal (D:3)
  25 kobolds
  5 quokkas
  12 ball pythons
  5 bats
  9 frilled lizards
  9 rats
778 creatures vanquished.

Vanquished Creatures (collateral kills)
  A two-headed ogre (Orc:2)
1 creature vanquished.

Vanquished Creatures (others)
  A boulder beetle (Spider:1)
  A killer bee (D:9)
2 creatures vanquished.

Grand Total: 781 creatures vanquished

Notes
Turn   | Place    | Note
-------+----------+-------------------------------------------
     0 | D:1      | Dirtsage the Demonspawn Berserker began the quest for the
                  | Orb.
     0 | D:1      | Reached XP level 1. HP: 18/18 MP: 1/1
    70 | D:1      | Reached skill level 3 in Axes
   117 | D:1      | Gained mutation: You are partially covered in large bone
                  | plates. (SH +4) [demonic ancestry]
   117 | D:1      | Reached XP level 2. HP: 9/24 MP: 2/2
   630 | D:1      | Gained mutation: Your touch may inflict minor irresistible
                  | damage on your foes. [demonic ancestry]
   630 | D:1      | Reached XP level 3. HP: 29/29 MP: 3/3
   776 | D:2      | Reached skill level 4 in Axes
   889 | D:2      | Reached ** piety under Trog
   890 | D:2      | Gained mutation: You regenerate a little health from kills.
                  | [demonic ancestry]
   890 | D:2      | Reached XP level 4. HP: 35/35 MP: 4/4
  1351 | D:3      | Found a glowing drain.
  1371 | Sewer    | Entered a sewer
  1380 | Sewer    | Reached skill level 5 in Axes
  1434 | Sewer    | Gained mutation: You are mostly covered in large bone
                  | plates. (SH +6) [demonic ancestry]
  1434 | Sewer    | Reached XP level 5. HP: 31/41 MP: 5/5
  1794 | D:3      | Found a faded altar of an unknown god.
  1896 | D:3      | Noticed an ogre
  1905 | D:3      | Killed an ogre
  1906 | D:3      | Reached skill level 6 in Axes
  1906 | D:3      | Reached XP level 6. HP: 47/47 MP: 6/6
  2042 | D:3      | Reached *** piety under Trog
  2706 | D:4      | Reached skill level 7 in Axes
  3000 | D:4      | Gained mutation: Your touch may inflict irresistible damage
                  | on your foes. [demonic ancestry]
  3000 | D:4      | Reached XP level 7. HP: 44/52 MP: 7/7
  3193 | D:5      | Entered Level 5 of the Dungeon
  3199 | D:5      | Noticed Maratek's ghost (novice GnFi)
  3200 | D:5      | Found a runed translucent door.
  3230 | D:5      | Reached skill level 8 in Axes
  3462 | D:5      | Found a sparkling altar of Nemelex Xobeh.
  3485 | D:5      | Noticed Sigmund
  3496 | D:5      | Found a staircase to the Ecumenical Temple.
  3512 | D:5      | Killed Sigmund
  3513 | D:5      | Reached skill level 9 in Axes
  3513 | D:5      | Reached XP level 8. HP: 55/58 MP: 8/8
  3572 | Temple   | Entered the Ecumenical Temple
  3995 | D:5      | Found a broken altar of Ashenzari.
  4251 | D:5      | Killed Maratek's ghost
  4252 | D:5      | Reached skill level 10 in Axes
  4345 | D:6      | Found Johipp's Elemental Accessories.
  4350 | D:6      | Noticed Jeremiah
  4441 | D:5      | Reached **** piety under Trog
  4501 | D:6      | Noticed Maggie
  4521 | D:6      | Killed Maggie
  4522 | D:6      | Reached skill level 11 in Axes
  4522 | D:6      | Gained mutation: You regenerate health from kills. [demonic
                  | ancestry]
  4522 | D:6      | Reached XP level 9. HP: 51/63 MP: 9/9
  4758 | D:6      | Killed Jeremiah
  5111 | D:6      | Reached skill level 12 in Axes
  6255 | D:7      | Found a basalt altar of Yredelemnul.
  6439 | D:8      | Noticed Maurice
  6440 | D:8      | Noticed a red ugly thing
  6573 | D:8      | Noticed a cyclops
  6587 | D:8      | Killed a cyclops
  6588 | D:8      | Reached skill level 13 in Axes
  6588 | D:8      | Gained mutation: You may rarely emit foul miasma when
                  | damaged in melee. [demonic ancestry]
  6588 | D:8      | Reached XP level 10. HP: 71/71 MP: 10/10
  6670 | D:8      | Found a flagged portal.
  6694 | Bailey   | Entered a bailey
  6767 | Bailey   | Noticed an orc knight
  6776 | Bailey   | Killed an orc knight
  7004 | Bailey   | Found an iron altar of Okawaru.
  7004 | Bailey   | Noticed an orc high priest
  7005 | Bailey   | Noticed an orc high priest
  7011 | Bailey   | Noticed a smoke demon
  7020 | Bailey   | Killed an orc high priest
  7031 | Bailey   | Killed an orc high priest
  7032 | Bailey   | Reached skill level 5 in Fighting
  7219 | Bailey   | Identified the +5 great sword of Rimuohew {freeze, rF+
                  | SInv}
  7233 | Bailey   | Found the +3 pair of seven-league boots {Rampage+∞}
  7787 | D:8      | Noticed Psyche
  7957 | D:8      | Killed Psyche
  7963 | D:8      | Killed Maurice
  8219 | D:8      | Reached XP level 11. HP: 76/80 MP: 11/11
  8418 | D:9      | Reached ***** piety under Trog
  8419 | D:9      | Reached skill level 14 in Axes
  8491 | D:9      | Found a staircase to the Lair.
  8698 | D:9      | Found Ucarphin's Magic Scroll Shop.
  8699 | D:9      | Found Tosmi's Distillery.
  8707 | D:9      | Bought a scroll of blinking for 97 gold pieces
  8783 | D:9      | Bought a potion of lignification for 42 gold pieces
  8858 | D:9      | Noticed Joseph
  8861 | D:9      | Reached skill level 5 in Dodging
  8864 | D:9      | Received a gift from Trog
  8873 | D:9      | Killed Joseph
  8874 | D:9      | Reached skill level 5 in Armour
  8885 | D:9      | Noticed Erica
  8911 | D:9      | Killed Erica
  9185 | D:10     | Entered Level 10 of the Dungeon
  9894 | D:11     | Noticed a boulder beetle
  9894 | D:11     | Noticed a skeletal warrior
  9929 | Lair:1   | Entered Level 1 of the Lair of Beasts
 10205 | Lair:1   | Identified the +5 dagger "Meikeqen" {flame, *Corrode rElec
                  | rN+}
 10902 | Lair:2   | Reached skill level 15 in Axes
 10902 | Lair:2   | Reached XP level 12. HP: 56/91 MP: 12/12
 11030 | Lair:2   | Found a staircase to the Shoals.
 11096 | Lair:2   | Noticed a five-headed hydra
 11104 | Lair:2   | Killed a nine-headed hydra
 11261 | Lair:2   | Found a dark tunnel.
 11273 | Volcano  | Entered a volcano
 11728 | Lair:2   | Reached skill level 16 in Axes
 11879 | Lair:2   | Reached XP level 13. HP: 99/99 MP: 13/13
 11967 | Lair:2   | Found a hole to the Spider Nest.
 12673 | Lair:3   | Noticed Rupert
 12688 | Lair:3   | Killed Rupert
 12688 | Lair:3   | Received a gift from Trog
 12896 | Lair:3   | Noticed Amaemon
 12902 | Lair:3   | Killed Amaemon
 13818 | Lair:3   | Noticed Kirke
 13829 | Lair:3   | Killed Kirke
 14127 | Lair:4   | Reached skill level 17 in Axes
 14330 | Lair:4   | Found a shimmering altar of Xom.
 14887 | Lair:5   | Entered Level 5 of the Lair of Beasts
 15124 | Lair:5   | Reached skill level 10 in Fighting
 15125 | Lair:5   | Received a gift from Trog
 15142 | Lair:5   | Reached XP level 14. HP: 110/110 MP: 14/14
 15198 | Lair:5   | Reached skill level 1 in Evocations
 15518 | Lair:5   | Found a viscous altar of Jiyva.
 15520 | Lair:5   | Found a staircase to the Slime Pits.
 16312 | Lair:5   | Found a large runed translucent door.
 16319 | Lair:5   | Received a gift from Trog
 16326 | Lair:5   | Found a large runed translucent door.
 18189 | D:12     | Found a frozen archway.
 18208 | IceCv    | Entered an ice cave
 18220 | IceCv    | Reached skill level 10 in Dodging
 18222 | IceCv    | Reached skill level 10 in Armour
 18380 | IceCv    | Reached ****** piety under Trog
 18381 | IceCv    | Reached skill level 5 in Evocations
 18381 | IceCv    | Gained mutation: You are completely covered in large bone
                  | plates. (SH +8) [demonic ancestry]
 18381 | IceCv    | Reached XP level 15. HP: 119/119 MP: 15/15
 18466 | IceCv    | Received a gift from Trog
 18854 | D:12     | Found a staircase to the Orcish Mines.
 19289 | Orc:1    | Entered Level 1 of the Orcish Mines
 19292 | Orc:1    | Noticed Josephine
 19304 | Orc:1    | Killed Josephine
 19312 | Orc:1    | Received a gift from Trog
 19896 | Orc:2    | Entered Level 2 of the Orcish Mines
 19949 | Orc:2    | Found a staircase to the Elven Halls.
 19995 | Orc:2    | Reached skill level 1 in Shields
 20063 | Orc:2    | Found Yteusur's Antique Weapon Boutique.
 20063 | Orc:2    | Found Lomajyff's Jewellery Shoppe.
 20063 | Orc:2    | Found Ygaph's Weapon Emporium.
 20063 | Orc:2    | Found Izeo's Armour Boutique.
 20113 | Orc:2    | Received a gift from Trog
 20177 | Orc:2    | Reached skill level 18 in Axes
 20272 | Orc:2    | Bought a ring of see invisible for 180 gold pieces
 20759 | Spider:1 | Entered Level 1 of the Spider Nest
 21031 | Spider:1 | Received a gift from Trog
 21170 | Spider:1 | Reached skill level 5 in Shields
 21185 | Spider:1 | Noticed an emperor scorpion
 21189 | Spider:1 | Noticed an emperor scorpion
 21196 | Spider:1 | Killed an emperor scorpion
 21200 | Spider:1 | Gained mutation: Your touch may irresistibly damage your
                  | foes and sap their willpower. [demonic ancestry]
 21200 | Spider:1 | Reached XP level 16. HP: 127/127 MP: 1/16
 22384 | Spider:1 | Demolished by an emperor scorpion

Illustrated notes

Levels and vault maps discovered:
D:1:      minmay_arrival_shattered_statue, layout_rooms
D:2:      layout_basic, minmay_tromino_v4_b
D:3:      kennysheep_six_static_rooms, layout_loops_ring,
          ebering_ecumenical_altar_abandoned, cheibrodos_sewer_entry_drain
D:4:      layout_gridville, minmay_quantized
D:5:      layout_cave_pods, nemelex_diamond_rough_becter,
          general_overflow_altar, temple_fountains,
          hellmonk_ghost_happy_afterlife, dreamdust_princess_corridor,
          uniq_sigmund
D:6:      layout_basic, tso_altar, nicolae_elemental_shop, uniq_jeremiah,
          uniq_maggie
D:7:      layout_gridville, lemuel_mausoleum_altar_yredelemnul,
          amcnicky_altar_gilded, dreamdust_wishing_well
D:8:      layout_loops_ring, enter_bailey_3, uniq_maurice, uniq_psyche
D:9:      layout_cross, hellmonk_lair_entry_icy, serial_shops,
          nicolae_stop_n_shop_2, serial_column_ruins,
          column_ruins_columns_corner, column_ruins_grid_1,
          column_ruins_columns_straight, column_ruins_grid_2,
          minmay_misc_feat_x, nicolae_stop_n_shop_1, uniq_joseph, uniq_erica
D:10:     layout_rooms
D:11:     minmay_angry_zag, layout_stronghold, hangedman_ranch
D:12:     layout_roguey [special_room_bee], orc_0_dummy,
          portal_ice_cave_entry_imps, dk_noncrumbling_4
Temple:   minmay_crystal_spiral_temple
Lair:1:   layout_misc_corridors, nicolae_lair_liquid_snakes
Lair:2:   nzn_winding_woodlands_large [nzn_winding_woodlands_5x5_default,
          nzn_winding_woodlands_5x15_river_crossing,
          nzn_winding_woodlands_5x5_perimeter,
          nzn_winding_woodlands_center_garden,
          nzn_winding_woodlands_15x15_eel_pit,
          nzn_winding_woodlands_center_lodge, nzn_winding_woodlands_5x5_three,
          nzn_winding_woodlands_5x15_sawtooth, nzn_winding_woodlands_hourglass],
          layout_regular_city, minmay_shoals_entry_centaurs,
          spider_nest_entry_rubble, lightli_volcano_entry_magma_tube,
          basic_altar, infiniplex_staircase_pool_2
Lair:3:   layout_layer_cave, infiniplex_staircase_pool, uniq_amaemon,
          uniq_rupert, uniq_kirke
Lair:4:   layout_regular_city, lemuel_oklob_altar
Lair:5:   cheibrodos_lair_end_hotspot, layout_regular_city, slime_entry_1,
          nicolae_lair_grazing_beasts [nicolae_sub_lair_graze_edge,
          nicolae_sub_lair_graze_edge, nicolae_sub_lair_graze_edge,
          nicolae_sub_lair_graze_edge]
Spider:1: nicolae_spider_hall_of_the_moth_king, special_room
Orc:1:    layout_caves, basic_altar, uniq_josephine
Orc:2:    st_orc_ogre_mass, layout_caves, basic_altar, mines4_lemuel

Skill      XL: |  1  2  3  4  5  6  7  8  9 10 11 12 13 14 15 16 |
---------------+-------------------------------------------------+-----
Axes           | 3 4 5 6 7 9 11 13 15 16 17 18 | 18.0
Armour         | 2 4 6 7 8 10 | 10.7
Dodging        | 2 4 6 7 8 10 | 10.7
Fighting       | 5 7 8 10 11 12 | 12.6
Evocations     | 5 7 |  7.9
Shields        | 5 6 |  6.8

Action                     |  1- 3 |  4- 6 |  7- 9 | 10-12 | 13-15 | 16-18 || total
---------------------------+-------+-------+-------+-------+-------+-------++-------
  Melee: Hand axe          |   103 |   206 |    77 |       |       |       ||   386
         Touch             |     2 |    34 |    66 |    80 |    22 |       ||   204
         Punch             |       |     1 |     6 |     4 |     3 |       ||    14
         War axe           |       |       |   198 |    33 |       |       ||   231
         Broad axe         |       |       |       |   537 |   112 |       ||   649
         Unarmed           |       |       |       |     3 |       |       ||     3
         Battleaxe         |       |       |       |       |  1034 |   164 ||  1198
 Invoke: Berserk           |     1 |     4 |     8 |    11 |    10 |     1 ||    35
         Trog's Hand       |       |       |       |     1 |     3 |       ||     4
         Brothers in Arms  |       |       |       |       |     1 |       ||     1
  Evoke: Wand              |       |       |     3 |       |       |       ||     3
    Use: Scroll            |       |     3 |     1 |    14 |     5 |     1 ||    24
         Potion            |       |       |       |     1 |       |     1 ||     2
   Stab: Sleeping          |     1 |       |       |       |       |       ||     1
 Armour: Animal skin       |    35 |       |       |       |       |       ||    35
         Scale mail        |    16 |    94 |    87 |       |       |       ||   197
         Swamp dragon scal |       |       |    66 |   258 |   171 |   164 ||   659
         Skin              |       |       |       |     4 |       |       ||     4
         Plate armour      |       |       |       |   211 |   736 |       ||   947
  Dodge: Dodged            |    77 |    83 |   102 |   222 |   390 |   157 ||  1031
  Block: Other             |    12 |    40 |    74 |   136 |   297 |    96 ||   655

Table legend: (Time is in decaauts)
 A = Elapsed time spent in this place.
 B = Non-inter-level travel time spent in this place.
 C = Inter-level travel time spent in this place.
 D = Time resting spent in this place.
 E = Time spent auto-exploring this place.
 F = Levels seen in this place.
 G = Mean time per level.
                   A        B        C        D        E       F      G
               +--------+--------+--------+--------+--------+-----+--------+
         Total |  22438 |  21111 |   1327 |   1946 |  14419 |  25 |  897.5 |
       Dungeon |  10548 |   9873 |    675 |    875 |   7161 |  12 |  879.0 |
        Temple |      1 |      1 |      0 |      0 |      0 |   1 |    1.0 |
          Lair |   6805 |   6242 |    563 |    626 |   4196 |   5 | 1361.0 |
   Spider Nest |   1580 |   1580 |      0 |     36 |   1178 |   1 | 1580.0 |
  Orcish Mines |   1182 |   1094 |     88 |      0 |    785 |   2 |  591.0 |
         Sewer |    480 |    480 |      0 |     43 |    287 |   1 |  480.0 |
        Bailey |   1071 |   1071 |      0 |    262 |    488 |   1 | 1071.0 |
      Ice Cave |    464 |    464 |      0 |      0 |    282 |   1 |  464.0 |
       Volcano |    304 |    304 |      0 |    103 |     40 |   1 |  304.0 |
               +--------+--------+--------+--------+--------+-----+--------+

Top non-repeatable levels by time:
  Lair:5: 1842 daAuts
Spider:1: 1580 daAuts
  Lair:2: 1559 daAuts
  Lair:3: 1426 daAuts
     D:5: 1403 daAuts
  Bailey: 1071 daAuts
  Lair:1: 1019 daAuts
     D:7: 1015 daAuts
    D:11: 975 daAuts
  Lair:4: 957 daAuts
     D:9: 953 daAuts
    D:12: 918 daAuts
     D:6: 898 daAuts
     D:8: 887 daAuts
     D:3: 857 daAuts
